NCAA
STANFORD CARDINAL @ MISSISSIPPI STATE BULLDOGS
05/18/2024
 
TOP OF THE 1ST
Stanford Cardinal batting - Pitching for Mississippi State Bulldogs : RHP Miguel Ramírez
Pitching: RHP Miguel Ramírez
Batting: SHB Dave Henley 0-0: Foul Ball, location: 2F
0-1: Called Strike
0-2: Ball
1-2: Foul Ball, location: 2F
1-2: Ball
2-2: Ball
3-2: Base on Balls
Batting: LHB Alberto Roberts 0-0: Ball
Dave Henley steals 2nd base
1-0: Foul Ball, location: 2F
1-1: Ball
2-1: Ball
3-1: Fly out, F5 (Line Drive, 5)
Batting: LHB Frank Young 0-0: Ball
Dave Henley is caught stealing 3rd base
1-0: Foul Ball, location: 2F
1-1: Ball
2-1: Foul Ball, location: 2F
2-2: Foul Ball, location: 2F
2-2: Ball
3-2: Foul Ball, location: 2F
3-2: Foul Ball, location: 2F
3-2: SINGLE (Groundball, 15) (infield hit)
Batting: RHB Fernando Vargas 0-0: Ball
1-0: Fielders Choice at 2nd, 5-4 (Groundball, 56)
Top of the 1st over - 0 run(s), 1 hit(s), 0 error(s), 0 left on base; Stanford 0 - Mississippi State 0
BOTTOM OF THE 1ST
Mississippi State Bulldogs batting - Pitching for Stanford Cardinal : RHP Daniel Carter
Pitching: RHP Daniel Carter
Batting: RHB Eric Thompson 0-0: Ground out 6-3 (Groundball, 6)
Batting: SHB Alex Stewart 0-0: Called Strike
0-1: Ground out 3-1 (Groundball, 34)
Batting: RHB Peter Griffith 0-0: Ball
1-0: Swinging Strike
1-1: Ball
2-1: Swinging Strike
2-2: Strikes out swinging
Bottom of the 1st over - 0 run(s), 0 hit(s), 0 error(s), 0 left on base; Stanford 0 - Mississippi State 0
TOP OF THE 2ND
Stanford Cardinal batting - Pitching for Mississippi State Bulldogs : RHP Miguel Ramírez
Batting: SHB Barney Hudson 0-0: Ball
1-0: Foul Ball, location: 2F
1-1: Ball
2-1: Foul Ball, location: 2F
2-2: Foul Ball, location: 2F
2-2: Foul Ball, location: 2F
2-2: SINGLE (Groundball, 5D)
Batting: RHB Carlos Franco 0-0: Ball
1-0: Foul Ball, location: 2F
1-1: Ball
2-1: Ground out 5-3 (Groundball, 5S)
Barney Hudson to second
Batting: RHB Bill Hansen 0-0: Swinging Strike
0-1: Called Strike
0-2: Ball
1-2: Strikes out looking
Batting: LHB Caleb Hall 0-0: Called Strike
0-1: Ball
1-1: Fly out, F7 (Line Drive, 78S)
Top of the 2nd over - 0 run(s), 1 hit(s), 0 error(s), 1 left on base; Stanford 0 - Mississippi State 0
BOTTOM OF THE 2ND
Mississippi State Bulldogs batting - Pitching for Stanford Cardinal : RHP Daniel Carter
Batting: RHB Ken McDonald 0-0: SINGLE (Line Drive, 56D)
Batting: RHB Dan Stephens 0-0: Called Strike
0-1: Foul Ball, location: 2F
0-2: Foul Ball, location: 2F
0-2: Ball
1-2: SINGLE (Popup, 4MD)
Ken McDonald to second
Batting: RHB Larry Beauregard 0-0: Called Strike
0-1: Ball
1-1: Swinging Strike
1-2: Foul Ball, location: 2F
1-2: Strikes out swinging
Batting: SHB Rick Hinton 0-0: Swinging Strike
0-1: Foul Ball, location: 2F
0-2: Ball
1-2: Strikes out looking
Batting: LHB Jorge Hernández 0-0: Called Strike
0-1: Foul Ball, location: 2F
0-2: Ball
1-2: Strikes out looking
Bottom of the 2nd over - 0 run(s), 2 hit(s), 0 error(s), 2 left on base; Stanford 0 - Mississippi State 0
TOP OF THE 3RD
Stanford Cardinal batting - Pitching for Mississippi State Bulldogs : RHP Miguel Ramírez
Batting: LHB Roderick Delgado 0-0: Ground out 5-3 (Groundball, 56S)
Batting: SHB Dave Henley 0-0: Ball
1-0: DOUBLE (Groundball, 5L)
Batting: LHB Alberto Roberts 0-0: Called Strike
Dave Henley is caught stealing 3rd base
0-1: Fly out, F8 (Flyball, 78M)
Top of the 3rd over - 0 run(s), 1 hit(s), 0 error(s), 0 left on base; Stanford 0 - Mississippi State 0
BOTTOM OF THE 3RD
Mississippi State Bulldogs batting - Pitching for Stanford Cardinal : RHP Daniel Carter
Batting: SHB Manuel Gaona 0-0: Called Strike
0-1: SINGLE (Groundball, 6MD)
Batting: RHB Eric Thompson 0-0: Swinging Strike
0-1: Ball
1-1: Ground out 5-3 (Groundball, 56S)
Manuel Gaona to second
Batting: SHB Alex Stewart 0-0: Ball
1-0: Swinging Strike
1-1: Foul Ball, location: 2F
1-2: Ball
2-2: Foul Ball, location: 2F
2-2: Fly out, F8 (Flyball, 8RM)
Batting: RHB Peter Griffith 0-0: Ball
1-0: Called Strike
1-1: Ball
2-1: Swinging Strike
2-2: Ball
3-2: Base on Balls
Batting: RHB Ken McDonald 0-0: Ball
1-0: Called Strike
1-1: Ball
2-1: Fly out, F8 (Line Drive, 8LM)
Bottom of the 3rd over - 0 run(s), 1 hit(s), 0 error(s), 2 left on base; Stanford 0 - Mississippi State 0
TOP OF THE 4TH
Stanford Cardinal batting - Pitching for Mississippi State Bulldogs : RHP Miguel Ramírez
Batting: LHB Frank Young 0-0: Called Strike
0-1: Ball
1-1: Swinging Strike
1-2: Ball
2-2: Ball
3-2: Foul Ball, location: 2F
3-2: Foul Ball, location: 2F
3-2: Base on Balls
Batting: RHB Fernando Vargas 0-0: Ball
Single, Error in OF, E9, batter to second base
Frank Young to third
Batting: SHB Barney Hudson 0-0: Ground out 3-1 (Groundball, 34)
Frank Young scores
Fernando Vargas to third
Batting: RHB Carlos Franco 0-0: Ball
1-0: Ball
2-0: Foul Ball, location: 2F
2-1: SINGLE (Line Drive, 78S)
Fernando Vargas scores
Batting: RHB Bill Hansen 0-0: Ball
1-0: Grounds into double play, 1-6-3 (Groundball, 15)
Top of the 4th over - 2 run(s), 2 hit(s), 1 error(s), 0 left on base; Stanford 2 - Mississippi State 0
BOTTOM OF THE 4TH
Mississippi State Bulldogs batting - Pitching for Stanford Cardinal : RHP Daniel Carter
Batting: RHB Dan Stephens 0-0: Reached on Error, E9 (Flyball, 9M)
Batting: RHB Larry Beauregard 0-0: Ball
1-0: Called Strike
1-1: Called Strike
1-2: Ground out 4-3 (Groundball, 4M)
Dan Stephens to second
Batting: SHB Rick Hinton 0-0: Foul Ball, location: 2F
0-1: Ball
1-1: Ball
2-1: Foul Ball, location: 2F
2-2: Strikes out swinging
Batting: LHB Jorge Hernández 0-0: Foul Ball, location: 2F
0-1: Ball
1-1: Swinging Strike
1-2: Foul Ball, location: 2F
1-2: Strikes out swinging
Bottom of the 4th over - 0 run(s), 0 hit(s), 1 error(s), 1 left on base; Stanford 2 - Mississippi State 0
TOP OF THE 5TH
Stanford Cardinal batting - Pitching for Mississippi State Bulldogs : RHP Miguel Ramírez
Batting: LHB Caleb Hall 0-0: Ball
1-0: Called Strike
1-1: Foul Ball, location: 2F
1-2: Ball
2-2: Strikes out swinging
Batting: LHB Roderick Delgado 0-0: Foul Ball, location: 2F
0-1: Foul Ball, location: 2F
0-2: Fly out, F9 (Popup, 4D)
Batting: SHB Dave Henley 0-0: Ball
1-0: Foul Ball, location: 2F
1-1: Fly out, F8 (Line Drive, 8RXD)
Top of the 5th over - 0 run(s), 0 hit(s), 0 error(s), 0 left on base; Stanford 2 - Mississippi State 0
BOTTOM OF THE 5TH
Mississippi State Bulldogs batting - Pitching for Stanford Cardinal : RHP Daniel Carter
Batting: SHB Manuel Gaona 0-0: Called Strike
0-1: Ground out 4-3 (Groundball, 4)
Batting: RHB Eric Thompson 0-0: Called Strike
0-1: Ground out 6-3 (Groundball, 6)
Batting: SHB Alex Stewart 0-0: Ball
1-0: Called Strike
1-1: Swinging Strike
1-2: Foul Ball, location: 2F
1-2: Strikes out looking
Bottom of the 5th over - 0 run(s), 0 hit(s), 0 error(s), 0 left on base; Stanford 2 - Mississippi State 0
TOP OF THE 6TH
Stanford Cardinal batting - Pitching for Mississippi State Bulldogs : RHP Miguel Ramírez
Batting: LHB Alberto Roberts 0-0: Called Strike
0-1: Hit by Pitch
Batting: LHB Frank Young 0-0: Called Strike
0-1: Fielders Choice at 2nd, 4-6 (Groundball, 34)
Batting: RHB Fernando Vargas 0-0: Ball
1-0: Ball
2-0: Ball
3-0: Base on Balls
Frank Young to second
Pitching: RHP Chris Ervin
Batting: SHB Barney Hudson 0-0: Foul Ball, location: 2F
0-1: Ball
1-1: Foul Ball, location: 2F
1-2: Strikes out swinging
Batting: RHB Carlos Franco 0-0: Called Strike
0-1: Foul Ball, location: 2F
0-2: Ball
1-2: Fly out, F6 (Popup, 6MS)
Top of the 6th over - 0 run(s), 0 hit(s), 0 error(s), 2 left on base; Stanford 2 - Mississippi State 0
BOTTOM OF THE 6TH
Mississippi State Bulldogs batting - Pitching for Stanford Cardinal : RHP Daniel Carter
Batting: RHB Peter Griffith 0-0: Called Strike
0-1: Called Strike
0-2: Ball
1-2: Ball
2-2: Strikes out swinging
Batting: RHB Ken McDonald 0-0: Ground out 6-3 (Groundball, 6M)
Batting: RHB Dan Stephens 0-0: Ground out 6-3 (Groundball, 6)
Bottom of the 6th over - 0 run(s), 0 hit(s), 0 error(s), 0 left on base; Stanford 2 - Mississippi State 0
TOP OF THE 7TH
Stanford Cardinal batting - Pitching for Mississippi State Bulldogs : RHP Chris Ervin
Batting: RHB Bill Hansen 0-0: Called Strike
0-1: Ball
1-1: Fly out, F8 (Popup, 8LS)
Batting: LHB Caleb Hall 0-0: Ball
1-0: Swinging Strike
1-1: Foul Ball, location: 2F
1-2: Strikes out swinging
Batting: LHB Roderick Delgado 0-0: Ball
1-0: Ball
2-0: Foul Ball, location: 2F
2-1: Swinging Strike
2-2: Foul Ball, location: 2F
2-2: Ball
3-2: Foul Ball, location: 2F
3-2: Base on Balls
Batting: SHB Dave Henley 0-0: Ball
Roderick Delgado is caught stealing 2nd base
Top of the 7th over - 0 run(s), 0 hit(s), 0 error(s), 0 left on base; Stanford 2 - Mississippi State 0
BOTTOM OF THE 7TH
Mississippi State Bulldogs batting - Pitching for Stanford Cardinal : RHP Daniel Carter
Batting: RHB Larry Beauregard 0-0: Called Strike
0-1: Fly out, F7 (Flyball, 78M)
Pitching: RHP Tom Newell
Batting: SHB Rick Hinton 0-0: Ball
1-0: Foul Ball, location: 2F
1-1: SINGLE (Flyball, 8LS)
Batting: LHB Jorge Hernández 0-0: Ball
1-0: Fly out, F7 (Flyball, 78S)
Batting: SHB Manuel Gaona 0-0: Ball
Rick Hinton steals 2nd base
1-0: Foul Ball, location: 2F
1-1: Foul Ball, location: 2F
1-2: Strikes out swinging
Bottom of the 7th over - 0 run(s), 1 hit(s), 0 error(s), 1 left on base; Stanford 2 - Mississippi State 0
TOP OF THE 8TH
Stanford Cardinal batting - Pitching for Mississippi State Bulldogs : RHP Chris Ervin
Batting: SHB Dave Henley 0-0: Ball
1-0: Ground out 6-3 (Groundball, 6)
Pitching: RHP Alfonso Villarreal
Batting: LHB Alberto Roberts 0-0: Ball
1-0: Ball
2-0: Called Strike
2-1: Fly out, F6 (Popup, 4M)
Batting: LHB Frank Young 0-0: Ball
1-0: Ground out U3 (Groundball, 3S)
Top of the 8th over - 0 run(s), 0 hit(s), 0 error(s), 0 left on base; Stanford 2 - Mississippi State 0
BOTTOM OF THE 8TH
Mississippi State Bulldogs batting - Pitching for Stanford Cardinal : RHP Tom Newell
Now at 1B: António García
Batting: RHB Eric Thompson 0-0: Ball
1-0: Ball
2-0: Called Strike
2-1: SINGLE (Groundball, 4M)
Pitching: RHP Wayne Williams
Batting: SHB Alex Stewart 0-0: Ball
1-0: Swinging Strike
1-1: Ball
2-1: Grounds into double play, 4-6-3 (Groundball, 4)
Batting: RHB Peter Griffith 0-0: Ball
1-0: Called Strike
1-1: Foul Ball, location: 2F
1-2: Strikes out swinging
Bottom of the 8th over - 0 run(s), 1 hit(s), 0 error(s), 0 left on base; Stanford 2 - Mississippi State 0
TOP OF THE 9TH
Stanford Cardinal batting - Pitching for Mississippi State Bulldogs : RHP Alfonso Villarreal
Batting: RHB Fernando Vargas 0-0: Ball
1-0: Ball
2-0: Ball
3-0: Called Strike
3-1: SINGLE (Line Drive, 8LS)
Batting: LHB António García 0-0: Swinging Strike
0-1: Ball
1-1: Ball
2-1: Foul Ball, location: 2F
2-2: Strikes out swinging
Batting: RHB Carlos Franco 0-0: Called Strike
0-1: Foul Ball, location: 2F
0-2: Ball
1-2: Ball
2-2: Fly out, F9 (Flyball, 9LM)
Batting: RHB Bill Hansen 0-0: Called Strike
0-1: Swinging Strike
0-2: Ball
1-2: Fly out, F7 (Flyball, 78M)
Top of the 9th over - 0 run(s), 1 hit(s), 0 error(s), 1 left on base; Stanford 2 - Mississippi State 0
BOTTOM OF THE 9TH
Mississippi State Bulldogs batting - Pitching for Stanford Cardinal : RHP Wayne Williams
Pitching: LHP Miguel Muńíz
Batting: RHB Ken McDonald 0-0: Ground out 6-3 (Groundball, 6)
Batting: RHB Dan Stephens 0-0: Fly out, F8 (Line Drive, 8LM)
Batting: RHB Larry Beauregard 0-0: Called Strike
0-1: Ball
1-1: Foul Ball, location: 2F
1-2: Fly out, F8 (Flyball, 8LD)
Bottom of the 9th over - 0 run(s), 0 hit(s), 0 error(s), 0 left on base; Stanford 2 - Mississippi State 0
This league is powered by Out of the Park Baseball, the baseball management simulation game for PC, Mac and Linux
Saturday, April 9th, 2016 - OOTP Baseball 16.8 Build 38